 Dungeon Crawl Stone Soup version 0.31.0-11-ge490571c62 (webtiles) character file.

Game seed: 17899764077830147290

67 Killerpretzel the Changeling (level 4, -10/29 HPs)
             Began as an Octopode Shapeshifter on Feb 9, 2024.
             Killed from afar by an orc wizard (12 damage)
             ... with a puff of flame
             ... on level 3 of the Dungeon.
             The game lasted 00:03:59 (1520 turns).

Killerpretzel the Changeling (OpSh)                 Turns: 1520, Time: 00:03:59

Health: -10/29     AC:  1    Str: 13    XL:     4   Next: 18%
Magic:  4/4        EV: 13    Int: 18    God:
Gold:   136        SH:  0    Dex: 13    Spells: 3/3 levels left

rFire   . .          .
                       - Unarmed
rCold   . . .        (no shield)
rNeg    . . .        (helmet currently unavailable)
rPois   .            (no amulet)
rElec   .            f - +6 ring of intelligence
rCorr   .            (no ring)
SInv    .            (no ring)
Will    .....        (no ring)
Stlth   ++           (no ring)
HPRegen 0.24/turn    (no ring)
MPRegen 0.09/turn    (no ring)
                     (no ring)

%: no passive effects
@: beast-form
A: beast (slay +2), almost no armour, amphibious, 8 rings, camouflage 1,
gelatinous body 1, (nimble swimmer 1), tentacles
a: Begin Untransformation


You were on level 3 of the Dungeon.
You were a hulking beast.
You visited 1 branch of the dungeon, and saw 3 of its levels.

You collected 136 gold pieces.

Inventory:

Jewellery
 f - a +6 ring of intelligence (left tentacle)
Talismans
 b - a beast talisman
 c - a flux talisman
Scrolls
 g - a scroll of vulnerability {unknown}
 i - a scroll of poison {unknown}
 j - a scroll of identify {unknown}
Potions
 a - a potion of lignification
 d - 2 potions of heal wounds {unknown}
 e - a potion of mutation {unknown}
 h - 2 potions of curing {unknown}
 k - a potion of might {unknown}


   Skills:
 + Level 1.9 Fighting
 + Level 2.5 Dodging
 + Level 3.4 Unarmed Combat
 * Level 3.7 Shapeshifting


You had 3 spell levels left.
You didn't know any spells.
Your spell library was empty.

Dungeon Overview and Level Annotations

Branches:
Dungeon (3/15)

Altars:


Innate Abilities, Weirdness & Mutations

You are a hulking beast.
Your limbs bulge with bestial killing power. (Slay +2)
You cannot wear most types of armour.
You are amphibious.
You can wear up to eight rings at the same time.
Your skin changes colour to match your surroundings (Stealth+).
Your rubbery body absorbs attacks. (AC +1, EV +1)
((You are camouflaged when in or above water. (Stealth+)))
You have tentacles for arms and can constrict up to eight enemies at once.


Message History

The orc wizard mumbles some strange words.
The orc wizard flickers and vanishes!
Deactivating autopickup; reactivate with Ctrl-A.
You tentacle-slap the orc. Your grab misses the orc.
The orc is heavily wounded.
The orc closely misses you.
You bludgeon the orc!
You kill the orc!
You barely miss the orc. You grab the orc.
The orc is almost dead.
You constrict the orc, but do no damage.
The orc closely misses you.
You tentacle-slap the orc.
You kill the orc!
You tentacle-slap the orc. You grab the orc.
You squeeze the orc, but do no damage.
The orc is lightly wounded.
You constrict the orc. The orc hits you with a +0 short sword.
You tentacle-slap the orc. Your squeeze misses the orc.
The orc is severely wounded.
You constrict the orc.
You lose your grip on the orc.
You closely miss something. You closely miss something. You squeeze something.
Something hits you.
You tentacle-slap something. Your squeeze misses something.
You hear some strange, mumbled words.
A magic dart appears from out of thin air!
The magic dart hits you.
You tentacle-slap something. Something hits you.
* * * LOW HITPOINT WARNING * * *
The endoplasm quivers.
You tentacle-slap something. Something hits you.
* * * LOW HITPOINT WARNING * * *
You tentacle-slap something. Something hits you.
* * * LOW HITPOINT WARNING * * *
You tentacle-slap something. Something barely misses you.
You closely miss something.
You hear some strange, mumbled words.
A puff of flame appears from out of thin air!
The puff of flame hits you!
You die...

......#.# #...#.###.# .......#
#####.....# #.# #.....#
####........## #.#
#.....###....###...## #.#
#......#.# #...# ##.#
#.......### ##..# #..#
#........# ##.####.##
#######.#....#o######.##...#
............J.o{h........#####
.J...##.####.####............#
.### .... ...#######.......###
#...................###.####
............#####....# #..†.##
###..........# #..##.# ####.>#
#........#.# #.###.# ##.#
#...<....#.####.# #.# ###
#.#....# #.##


You could see 2 orcs and an endoplasm.

Vanquished Creatures
  An adder (D:3)
  3 ribbon worms (D:2)
  3 dart slugs
  2 orcs (D:3)
  4 ball pythons
  6 endoplasms (D:1)
  3 giant cockroaches
  3 goblins
  5 hobgoblins
  3 kobolds
  2 quokkas
  A bat (D:3)
  3 rats
39 creatures vanquished.

Notes
Turn   | Place    | Note
-------+----------+-------------------------------------------
     0 | D:1      | Killerpretzel the Octopode Shapeshifter began the quest for
                  | the Orb.
     0 | D:1      | Reached XP level 1. HP: 13/13 MP: 1/1
    80 | D:1      | Reached XP level 2. HP: 18/18 MP: 2/2
   617 | D:2      | Reached XP level 3. HP: 22/23 MP: 3/3
   839 | D:2      | Identified the +0 cloak of Ignis's Brutal Revenge {+Inv
                  | Will+++ Regen+ Str-3}
  1430 | D:3      | Reached XP level 4. HP: 24/29 MP: 4/4
  1520 | D:3      | Killed from afar by an orc wizard

Illustrated notes

Levels and vault maps discovered:
D:1:      amcnicky_arrival_abandoned_market, layout_rooms, skrybe_limestone_x
D:2:      layout_basic
D:3:      layout_rooms, cheibrodos_sewer_entry_bend, serial_bayou_ford_a,
          minmay_misc_feat_alley, kennysheep_path_1, chequers_garden

Action                     |  1- 3 |  4- 6 || total
---------------------------+-------+-------++-------
  Melee: Unarmed           |    74 |    19 ||    93
         Constrict         |    16 |     4 ||    20
         Tentacles         |    12 |     2 ||    14
         Punch             |     2 |       ||     2
    Use: Scroll            |     2 |       ||     2
   Stab: Sleeping          |     9 |       ||     9
 Armour: Skin              |    23 |     9 ||    32
  Dodge: Dodged            |    38 |    14 ||    52
